 Dungeon Crawl Stone Soup version 0.29.1-1-gd02db6906a (webtiles) character file.

Game seed: 10274871648261751401

1040 Godmorgon the Zephyrmancer (level 8, -9/41 HPs)
             Began as a Tengu Air Elementalist on Oct 15, 2022.
             Mangled by a wyvern (19 damage)
             ... on level 6 of the Dungeon.
             The game lasted 00:23:45 (6188 turns).

Godmorgon the Zephyrmancer (Tengu Air Elementalist) Turns: 6188, Time: 00:23:46

Health: -9/41      AC:  2    Str:  9    XL:     8   Next: 24%
Magic:  13/15      EV: 18    Int: 17    God:
Gold:   7          SH:  0    Dex: 15    Spells: 9/16 levels left

rFire   . . .      SeeInvis .   a - +1 rapier (venom)
rCold   . . .      Faith    .   (no shield)
rNeg    . . .      Spirit   .   i - +0 robe
rPois   .          Reflect  .   (helmet restricted)
rElec   .          Harm     .   (no cloak)
rCorr   .          Rampage  .   (no gloves)
Will    .....                   (boots unavailable)
Stlth   ++........              (no amulet)
HPRegen 0.13/turn               j - +4 ring of slaying
MPRegen 0.14/turn               A - +4 ring of evasion

@: flying quickly and evasively, quick
A: beak, talons 3, nimble flight
a: no special abilities


You were on level 6 of the Dungeon.
You visited 1 branch of the dungeon, and saw 6 of its levels.

You collected 257 gold pieces.
You spent 250 gold pieces at shops.

Inventory:

Hand Weapons
 a - a +1 rapier of venom (weapon)
 b - a +2 falchion of holy wrath
Missiles
 n - 4 throwing nets
 p - 7 poisoned darts (quivered)
Armour
 i - a +0 robe (worn)
 w - a scarf of shadows
Jewellery
 j - a +4 ring of slaying (left hand)
 z - the ring of Fuschowu {Fly rN+ Str+2 SInv Stlth-}
   (You bought it in a shop on level 5 of the Dungeon)

   [ring of positive energy]

   Str:       It affects your strength (+2).
   rN:        It protects you from negative energy.
   SInv:      It lets you see invisible.
   Fly:       It grants you flight.
   Stlth:     It makes you less stealthy.
 A - a +4 ring of evasion (right hand)
Wands
 t - a wand of polymorph (7)
 y - a wand of flame (14)
Scrolls
 e - 2 scrolls of identify
 f - 3 scrolls of vulnerability
 h - 2 scrolls of fear
 k - 2 scrolls of enchant weapon
 m - 2 scrolls of teleportation
 q - 2 scrolls of immolation
 r - 2 scrolls of poison
 v - a scroll of blinking
 C - a scroll of amnesia
Potions
 c - a potion of brilliance
 d - a potion of lignification
 g - 3 potions of resistance
 l - 2 potions of mutation
 s - a potion of attraction
 u - a potion of berserk rage
 B - 2 potions of curing
 D - a potion of magic


   Skills:
 * Level 1.1 Short Blades
 - Level 2.1 Dodging
 - Level 2.0 Stealth
 + Level 4.5 Spellcasting
 + Level 6.1 Conjurations
 * Level 9.5 Air Magic


You had 9 spell levels left.
You knew the following spells:

 Your Spells              Type           Power      Damage    Failure   Level
a - Airstrike             Air            18%        2d(3-19)  3%          4
d - Static Discharge      Conj/Air       30%        3-7/arc   1%          2
s - Shock                 Conj/Air       100%       1d9       1%          1

Your spell library contained the following spells:

 Spells                   Type           Power      Damage    Failure   Level
 Magic Dart               Conj           96%        1d7       1%          1
 Searing Ray              Conj           48%        2d6       1%          2
 Swiftness                Air            36%        N/A       1%          3
 Beastly Appendage        Tmut           6%         N/A       16%         1
 Wereblood                Tmut           3%         N/A       22%         2
 Fulminant Prism          Conj/Hex       7%         3d7       38%         4
 Gell's Gravitas          Tloc           3%         N/A       41%         3
 Lesser Beckoning         Tloc           3%         N/A       41%         3
 Spider Form              Tmut/Pois      3%         N/A       41%         3
 Teleport Other           Tloc           3%         N/A       41%         3
 Summon Ice Beast         Ice/Summ       3%         N/A       83%         4
 Summon Mana Viper        Hex/Summ       3%         N/A       99%         5
 Monstrous Menagerie      Summ           1%         N/A       100%        7


Dungeon Overview and Level Annotations

Branches:
Dungeon (6/15)
 Temple: D:4-7

Altars:
Ashenzari
Cheibriados
Elyvilon
Gozag
Makhleb
Okawaru
Qazlal
Ru
Uskayaw
Yredelemnul

Shops:
D:1 *   D:5 *


Innate Abilities, Weirdness & Mutations

You have a beak for a mouth.
You have claws for feet.
Your magical nature lets you fly swiftly and evasively.


Message History

Magic restored.
You start resting.
HP restored.
You see here a +0 giant spiked club.
There is a stone staircase leading down here.
You fly downwards.
Found a runed spear.
There is a stone staircase leading up here.
The jelly quivers.
The jelly hits you but does no damage.
Casting: Static Discharge (safe; 1% risk of failure)
Confirm with . or Enter, or press ? or * to list all spells.
The jelly is struck by an arc of lightning!
The jelly is heavily wounded.
You are struck by an arc of lightning.
The jelly is struck by an arc of lightning!
You kill the jelly!
You are struck by an arc of lightning.
Your Short Blades skill increases to level 1!
You start resting.
Magic restored.
You start resting.
HP restored.
Found a war axe.
Unknown command.
You see here a +1 spear of venom.
A wyvern and a jelly come into view.
Found a potion of magic.
Found a scroll labelled DOSENA NOATYE.
The wyvern hisses angrily.
The jelly quivers.
The wyvern bites you! x2
Casting: Static Discharge (safe; 1% risk of failure)
Confirm with . or Enter, or press ? or * to list all spells.
The wyvern is struck by an arc of lightning.
The wyvern is moderately wounded.
You are struck by an arc of lightning.
* * * LOW HITPOINT WARNING * * *
The lightning grounds out.
The wyvern bites you!!
You die...

#. ...#
#.#####.##########
###....#...........#
##.#......#......###
.........##.....<#
#......#)......#
#)..............#
##....#.#.....##.#
#....@###....## .#
.......l.##....# .
....#..J###....# ..
......#.. ....... ##
......#.# #.......
...!..#.. .......
......... ..... .?.


You could see a wyvern and a jelly.

Vanquished Creatures
  Eustachio (D:5)
  A black bear (D:5)
  2 ogres
  A phantom (D:6)
  A scorpion (D:5)
  2 jellies
  2 gnoll boudas
  2 hounds
  2 iguanas
  2 orc wizards (D:3)
  10 gnolls
  4 adders
  An ufetubus (D:4)
  A dart slug (D:3)
  13 orcs
  9 endoplasms
  6 giant cockroaches
  6 goblins
  4 hobgoblins
  3 quokkas
  6 ball pythons
  8 bats
  7 frilled lizards
  8 kobolds
  6 rats
108 creatures vanquished.

Notes
Turn   | Place    | Note
-------+----------+-------------------------------------------
     0 | D:1      | Godmorgon the Tengu Air Elementalist began the quest for
                  | the Orb.
     0 | D:1      | Reached XP level 1. HP: 10/10 MP: 4/4
   399 | D:1      | Reached XP level 2. HP: 15/15 MP: 3/6
   402 | D:1      | Learned a level 2 spell: Static Discharge
   953 | D:1      | Found Ovonkuy's General Store.
  1174 | D:1      | Found a faded altar of an unknown god.
  1176 | D:1      | Bought a scroll of identify for 20 gold pieces
  1179 | D:1      | Reached XP level 3. HP: 19/19 MP: 4/7
  1544 | D:2      | Reached skill level 5 in Air Magic
  1704 | D:2      | Found a white marble altar of Elyvilon.
  1782 | D:2      | Reached XP level 4. HP: 16/24 MP: 3/8
  2261 | D:1      | Bought a scroll of identify for 20 gold pieces
  2261 | D:1      | Bought a scroll of teleportation for 30 gold pieces
  2261 | D:1      | Bought a scroll of noise for 10 gold pieces
  2261 | D:1      | Bought a scroll of immolation for 40 gold pieces
  2366 | D:3      | Learned a level 4 spell: Airstrike
  2448 | D:3      | Found a faded altar of an unknown god.
  2497 | D:3      | Found a basalt altar of Yredelemnul.
  2497 | D:3      | Found a burning altar of Makhleb.
  2497 | D:3      | Found an opulent altar of Gozag.
  2497 | D:3      | Found an iron altar of Okawaru.
  2498 | D:3      | Found a hide-covered altar of Uskayaw.
  2498 | D:3      | Found a snail-covered altar of Cheibriados.
  2499 | D:3      | Found a stormy altar of Qazlal.
  2499 | D:3      | Found a white marble altar of Elyvilon.
  2499 | D:3      | Found a broken altar of Ashenzari.
  2747 | D:3      | Gained mutation: Your magical nature lets you fly swiftly
                  | and evasively. [Tengu growth]
  2747 | D:3      | Reached XP level 5. HP: 16/28 MP: 3/10
  2938 | D:3      | Reached skill level 6 in Air Magic
  3402 | D:3      | Found a sacrificial altar of Ru.
  3471 | D:4      | Noticed an ogre
  3486 | D:4      | Killed an ogre
  3487 | D:4      | Reached skill level 7 in Air Magic
  3487 | D:4      | Reached XP level 6. HP: 32/32 MP: 8/11
  4578 | D:5      | Entered Level 5 of the Dungeon
  4769 | D:5      | Noticed a black bear
  4783 | D:5      | Killed a black bear
  4784 | D:5      | Reached XP level 7. HP: 31/36 MP: 8/13
  4878 | D:5      | Reached skill level 5 in Conjurations
  4880 | D:5      | Found Soagoizoih's Assorted Antiques.
  5007 | D:5      | Reached skill level 8 in Air Magic
  5272 | D:5      | Bought a scorched jade ring for 130 gold pieces
  5272 | D:5      | Identified the ring of Fuschowu {Fly rN+ Str+2 SInv Stlth-}
                  | (You bought it in a shop on level 5 of the Dungeon)
  5352 | D:5      | Noticed Eustachio
  5784 | D:5      | Killed Eustachio
  5785 | D:5      | Reached skill level 9 in Air Magic
  5785 | D:5      | Reached XP level 8. HP: 41/41 MP: 6/15
  5913 | D:6      | Noticed a wraith
  6135 | D:6      | Reached skill level 1 in Short Blades
  6185 | D:6      | Noticed a wyvern
  6188 | D:6      | Mangled by a wyvern

Illustrated notes

Levels and vault maps discovered:
D:1:      roderic_octagonal_star, layout_loops_ring, basic_ecumenical_altar,
          serial_shops, nicolae_shop_trees
D:2:      layout_loops_cross, basic_altar, minmay_vboxes
D:3:      kennysheep_six_static_rooms, layout_rooms,
          nicolae_overflow_ecumenical_swirl, nicolae_overflows_in_rows
D:4:      layout_cave_pools, nicolae_titane
D:5:      layout_basic, serial_shops, shop, uniq_eustachio
D:6:      layout_cave_pools, minmay_temple_entry_nine_rooms, serial_rivers,
          chequers_serial_rivers_micro_b, chequers_serial_rivers_micro_b,
          chequers_serial_rivers_micro_b, chequers_serial_rivers_small_b,
          chequers_serial_rivers_small_b, chequers_serial_rivers_micro_e,
          kb_rosetta

Skill      XL: |  1  2  3  4  5  6  7  8 |
---------------+-------------------------+-----
Conjurations   | 2 3 4 6 |  6.1
Air Magic      | 5 7 9 |  9.5
Spellcasting   | 3 4 |  4.5
Short Blades   | 1 |  1.1
Dodging        | |  2.1
Stealth        | |  2.0

Action                   |  1- 3 |  4- 6 |  7- 9 || total
-------------------------+-------+-------+-------++-------
Melee: Unarmed           |    16 |       |       ||    16
       Kick              |     9 |    14 |     9 ||    32
       Peck              |     1 |     8 |     3 ||    12
       Punch             |     1 |       |     1 ||     2
       Dagger            |    24 |    48 |    15 ||    87
Throw: Dart              |       |     9 |     8 ||    17
 Cast: Shock             |    24 |    44 |     1 ||    69
       Static Discharge  |    11 |    11 |    16 ||    38
       Airstrike         |       |       |     2 ||     2
  Use: Scroll            |       |    13 |     2 ||    15
       Potion            |       |     1 |       ||     1
 Stab: Sleeping          |     6 |     1 |     1 ||     8
Armor: Robe              |     8 |     3 |     1 ||    12
       Skin              |       |     5 |       ||     5
Dodge: Dodged            |    24 |    33 |    18 ||    75
